 Dungeon Crawl Stone Soup version 0.17-a0-2027-gcac42c4 (webtiles) character file.

137 Duffy the Ruffian (level 5, -1/38 HPs)
             Began as a Ghoul Necromancer on Oct 10, 2015.
             Slain by an ogre
             ... wielding a +0 giant club
              (12 damage)
             ... on level 4 of the Dungeon.
             The game lasted 00:05:06 (2522 turns).

Duffy the Ruffian (Ghoul Necromancer)               Turns: 2522, Time: 00:05:06

Health: -1/38      AC:  8    Str: 12    XL:     5   Next: 20%
Magic:  6/6        EV:  9    Int: 10    God:
Gold:   125        SH:  0    Dex: 10    Spells: 1 memorised, 6 levels left

rFire  . . .     SeeInvis .     a - +0 blowgun
rCold  + . .     Clarity  .     x - +0 scale mail
rNeg   + + +     SustAt   .     (no shield)
rPois  ∞         Gourm    .     i - +0 helmet
rElec  .         Spirit   .     (no cloak)
rCorr  .         Warding  .     (no gloves)
rMut   +         Stasis   .     (no boots)
MR     +....                    G - amulet of resist mutation
Stlth  ..........               y - ring of protection from magic
                                u - +1 ring of protection

@: rotting, somewhat resistant to hostile enchantments, extremely unstealthy
A: rotting body, claws 1, carnivore 3, cold resistance 1, negative energy
resistance 3, slow regeneration 1, torment resistance, unbreathing
a: no special abilities


You were on level 4 of the Dungeon.
You were not hungry.

You visited 1 branch of the dungeon, and saw 4 of its levels.

You collected 125 gold pieces.


Innate Abilities, Weirdness & Mutations

Your body is rotting away.
You thrive on raw meat.
You are immune to poison.
You have sharp fingernails.
You are carnivorous and can eat meat at any time.
Your flesh is cold resistant.
You are immune to negative energy.
You regenerate slowly when monsters are visible.
You are immune to unholy pain and torment.
You can survive without breathing.


   Skills:
 + Level 0.2 Fighting
 - Level 1.8 Dodging
 - Level 2.2 Stealth
 + Level 5.0 Unarmed Combat
 - Level 1.7 Spellcasting
 - Level 4.0 Necromancy


You had 6 spell levels left.
You knew the following spells:

 Your Spells              Type           Power        Failure   Level  Hunger
a - Pain                  Necr           #...         38%         1    ##.....

Inventory:

Hand Weapons
 a - a +0 blowgun (weapon)
Missiles
 l - 7 tomahawks
 n - 104 stones
 q - 9 poisoned needles (quivered)
Armour
 i - a +0 helmet (worn)
 v - a cursed +0 chain mail
 x - a +0 scale mail (worn)
 z - a +0 robe
 F - a +0 plate armour
Jewellery
 j - an uncursed amulet of guardian spirit
 u - a +1 ring of protection (left claw)
 y - a ring of protection from magic (right claw)
 G - an amulet of resist mutation (around neck)
Scrolls
 d - 4 scrolls of magic mapping {unknown}
 f - 5 scrolls of remove curse {unknown}
 g - a scroll of recharging {unknown}
 m - 5 scrolls of identify {unknown}
 r - a scroll of teleportation {unknown}
 s - 2 scrolls of immolation {unknown}
 w - a scroll of fog {unknown}
Potions
 e - 2 potions of might {unknown}
 h - a potion of ambrosia {unknown}
 k - a potion of lignification {unknown}
 p - 3 potions of curing {unknown}
 t - a potion of mutation {unknown}
 A - a potion of berserk rage {unknown}
 C - a potion of poison {unknown}
 E - a potion of cure mutation {unknown}
Books
 b - a book of Necromancy
Comestibles
 c - 4 meat rations
 o - a slice of pizza
 D - 2 beef jerkies

Dungeon Overview and Level Annotations

Branches:
Dungeon (4/15)
 Temple: D:4-7

Altars:
Ashenzari
Nemelex Xobeh
Qazlal
Trog
Vehumet
Xom
Yredelemnul

Annotations:
D:3 Duffy's ghost, amateur FoBe


Message History

There is an open door here.
There is an open door here.
There is an open door here.
There is an open door here.
Firing (i - inventory. (,) - cycle):
q - 13 poisoned needles (quivered)
Press: ? - help, Shift-Dir - straight line, f/p - ogre
Aim: an ogre, wielding a giant club (heavily wounded)
You shoot a poisoned needle.
The poisoned needle barely misses the ogre.
The ogre barely misses you.
Firing (i - inventory. (,) - cycle):
q - 12 poisoned needles (quivered)
Press: ? - help, Shift-Dir - straight line, f/p - ogre
Aim: an ogre, wielding a giant club (heavily wounded)
You shoot a poisoned needle.
The poisoned needle barely misses the ogre.
The ogre hits you but does no damage.
Firing (i - inventory. (,) - cycle):
q - 11 poisoned needles (quivered)
Press: ? - help, Shift-Dir - straight line, f/p - ogre
Aim: an ogre, wielding a giant club (heavily wounded)
You shoot a poisoned needle.
The poisoned needle closely misses the ogre.
The ogre hits you with a giant club.
There is an open door here.
Firing (i - inventory. (,) - cycle):
q - 10 poisoned needles (quivered)
Press: ? - help, Shift-Dir - straight line, f - you
Okay, then.
There is an open door here.
Firing (i - inventory. (,) - cycle):
q - 10 poisoned needles (quivered)
Press: ? - help, Shift-Dir - straight line, f - ogre
Aim: an ogre, wielding a giant club (heavily wounded)
You shoot a poisoned needle. The poisoned needle hits the ogre.
The ogre is poisoned.
The ogre is heavily wounded.
The ogre hits you with a giant club!
You die...

######
#....####
#....#..#
#....#..+
#....#..#
+[...O..#
#....#@###
##...(...#
#.......+
+.<.....#
#..(....#
##+#(....#
#.(...+
+.....#
#.....#


You could see an ogre.

Action                   |  1- 3 |  4- 6 || total
-------------------------+-------+-------++-------
Melee: Unarmed           |   112 |   133 ||   245
 Fire: Blowgun           |       |     7 ||     7
 Stab: Sleeping          |     2 |       ||     2
  Eat: Chunk             |    17 |    23 ||    40

Notes
Turn   | Place    | Note
--------------------------------------------------------------
     0 | D:1      | Duffy the Ghoul Necromancer began the quest for the Orb.
     0 | D:1      | Reached XP level 1. HP: 14/14 MP: 2/2
   129 | D:1      | Reached skill level 1 in Unarmed Combat
   130 | D:1      | Reached XP level 2. HP: 12/20 MP: 0/3
   341 | D:1      | Found a sparkling altar of Nemelex Xobeh.
   450 | D:1      | Reached skill level 2 in Unarmed Combat
   998 | D:2      | Noticed a fire elemental
  1000 | D:2      | Found a stormy altar of Qazlal.
  1001 | D:2      | Noticed an air elemental
  1001 | D:2      | Noticed an earth elemental
  1001 | D:2      | Noticed a water elemental
  1009 | D:2      | Reached XP level 3. HP: 19/25 MP: 4/4
  1461 | D:3      | Reached skill level 3 in Unarmed Combat
  1461 | D:3      | Reached XP level 4. HP: 16/33 MP: 3/5
  1599 | D:3      | Reached skill level 4 in Unarmed Combat
  1729 | D:3      | Noticed Duffy's ghost (amateur FoBe)
  1842 | D:3      | Reached XP level 5. HP: 38/38 MP: 6/6
  1976 | D:3      | Found a basalt altar of Yredelemnul.
  1980 | D:3      | Found a shimmering altar of Xom.
  1981 | D:3      | Found a bloodstained altar of Trog.
  1981 | D:3      | Found a shattered altar of Ashenzari.
  1981 | D:3      | Found a radiant altar of Vehumet.
  2015 | D:3      | Reached skill level 5 in Unarmed Combat
  2493 | D:4      | Noticed an ogre
  2522 | D:4      | Slain by an ogre

Vault maps used:
D:1:      eino_arrival_druids_welcome, minmay_fountain_box,
          kennysheep_decorative_pillar, nemelex_altar_shiori
D:2:      nicolae_qazlal_style_of_elements
D:3:      grunt_temple_overflow_open, minmay_joined_circles
D:4:      grunt_temple_overflow_opulence, first_bread

Vanquished Creatures
  2 orc wizards
  2 adders
  A worm
  8 orcs
  3 goblins
  6 hobgoblins
  A jackal
  8 kobolds
  6 bats
  6 giant cockroaches
  5 giant geckos
  A giant newt
  8 rats
57 creatures vanquished.
